 Dungeon Crawl Stone Soup version 0.28.0-53-g5a82cb258f (webtiles) character file.

Game seed: 2642495201804820336

294 Ethylacetat the Shooter (level 6, -7/56 HPs)
             Began as a Naga Hunter on May 23, 2022.
             Mangled by a mummy (16 damage)
             ... in an ossuary.
             The game lasted 00:07:29 (4276 turns).

Ethylacetat the Shooter (Naga Hunter)               Turns: 4276, Time: 00:07:30

Health: -7/56      AC:  3    Str: 14    XL:     6   Next: 34%
Magic:  6/6        EV:  9    Int: 12    God:
Gold:   58         SH:  0    Dex: 19    Spells: 5/5 levels left

rFire   . . .      SeeInvis +   j - +2 whip (holy)
rCold   . . .      Faith    .   (no shield)
rNeg    . . .      Spirit   .   c - +0 leather armour
rPois   +          Reflect  .   (no helmet)
rElec   .          Harm     .   (no cloak)
rCorr   .          Rampage  .   (no gloves)
Will    .....                   (no barding)
Stlth   ++........              (no amulet)
HPRegen 0.18/turn               l - +6 ring of dexterity
MPRegen 0.10/turn               (no ring)

@: very slow
A: AC +2, large, see invisible, deformed body, poison resistance, slowness 2,
spit poison 1, naga tail 1
a: Spit Poison


You were in an ossuary.
You visited 1 branch of the dungeon, and saw 4 of its levels.
You also visited: Ossuary.

You collected 163 gold pieces.
You spent 105 gold pieces at shops.

Inventory:

Hand Weapons
 a - a +1 shortbow
 j - a +2 whip of holy wrath (weapon)
Missiles
 d - 68 arrows
Armour
 c - a +0 leather armour (worn)
Jewellery
 l - a +6 ring of dexterity (left hand)
Scrolls
 b - a scroll of vulnerability {unknown}
 e - 4 scrolls of identify {unknown}
 f - a scroll of acquirement {unknown}
 g - a scroll of fog {unknown}
 h - a scroll of magic mapping {unknown}
 m - a scroll of blinking
 p - a scroll of teleportation
 q - a scroll of fear {unknown}
Potions
 i - 4 potions of curing
 k - a potion of heal wounds {unknown}
 n - a potion of cancellation {unknown}
 o - 2 potions of lignification {unknown}


   Skills:
 + Level 3.5 Fighting
 - Level 0.4 Short Blades
 - Level 0.2 Maces & Flails
 * Level 5.8 Bows
 - Level 1.1 Armour
 - Level 1.5 Dodging
 - Level 1.5 Stealth


You had 5 spell levels left.
You didn't know any spells.
Your spell library was empty.

Dungeon Overview and Level Annotations

Branches:
Dungeon (4/15)            Ossuary (1/1)
 Temple: D:4-7

Altars:

Shops:
D:3 ?*


Innate Abilities, Weirdness & Mutations

Your serpentine skin is tough. (AC +2)
You have supernaturally acute eyesight. (SInv)
Armour fits poorly on your strangely shaped body.
Your system is resistant to poisons. (rPois)
You cover ground very slowly.
You can spit poison.
You have a snake-like lower body.


Message History

You hit the mummy.
The mummy convulses.
The mummy is severely damaged.
It was a potion of curing.
You feel better.
A mummy comes into view.
The mummy closely misses you.
You whack the mummy!
You destroy the mummy!
You hit the bullfrog zombie.
The bullfrog zombie convulses.
The bullfrog zombie is moderately damaged.
The bullfrog zombie hits you but does no damage.
You hit the bullfrog zombie.
The bullfrog zombie convulses.
The bullfrog zombie is moderately damaged.
The bullfrog zombie completely misses you.
The bullfrog zombie hits you but does no damage.
You barely miss the bullfrog zombie.
The bullfrog zombie is moderately damaged.
The bullfrog zombie hits you.
* * * LOW HITPOINT WARNING * * *
You hit the bullfrog zombie.
The bullfrog zombie convulses.
Your punch misses the bullfrog zombie.
The bullfrog zombie is moderately damaged.
The bullfrog zombie hits you.
* * * LOW HITPOINT WARNING * * *
The bullfrog zombie hits you.
* * * LOW HITPOINT WARNING * * *
You feel better. The bullfrog zombie barely misses you.
You hit the bullfrog zombie.
The bullfrog zombie convulses!
The bullfrog zombie is severely damaged.
The bullfrog zombie hits you.
* * * LOW HITPOINT WARNING * * *
The bullfrog zombie closely misses you.
You hit the bullfrog zombie.
The bullfrog zombie convulses.
You destroy the bullfrog zombie!
You hit the mummy but do no damage. The mummy hits you.
* * * LOW HITPOINT WARNING * * *
You hit the mummy but do no damage. You hit the mummy.
The mummy convulses.
The mummy is moderately damaged.
The mummy hits you!
You die...

≈≈# ≈ ≈≈ ≈##
#≈#≈≈≈ #
≈≈#≈## #.#
.≈P#≈#
.#.≈.#+#.≈≈≈##
≈≈≈≈≈.≈..≈..P#
#≈##+##M##≈≈##
#@..# P≈#
#.∩.# # #∩..#
#####


You could see a mummy.

Vanquished Creatures
  3 bullfrog zombies (Ossuary)
  2 mummies (Ossuary)
  Natasha (thrice) (D:2)
  3 adders
  3 dart slugs
  2 orcs (D:3)
  6 endoplasms
  A giant cockroach (D:3)
  5 goblins
  3 hobgoblins (D:1)
  4 quokkas
  2 ball pythons (D:2)
  3 bats
  A frilled lizard (D:3)
  5 kobolds
  9 rats
55 creatures vanquished.

Vanquished Creatures (others)
  6 withered plants (Ossuary)
6 creatures vanquished.

Grand Total: 61 creatures vanquished

Notes
Turn   | Place    | Note
-------+----------+-------------------------------------------
     0 | D:1      | Ethylacetat the Naga Hunter began the quest for the Orb.
     0 | D:1      | Reached XP level 1. HP: 19/19 MP: 1/1
   398 | D:1      | Reached skill level 4 in Bows
   398 | D:1      | Reached XP level 2. HP: 26/26 MP: 2/2
  2027 | D:2      | Reached XP level 3. HP: 13/32 MP: 3/3
  2310 | D:2      | Noticed Natasha
  2318 | D:2      | Killed Natasha
  2319 | D:2      | Reached skill level 1 in Armour
  2319 | D:2      | Reached XP level 4. HP: 26/39 MP: 4/4
  2416 | D:2      | Noticed Natasha
  2431 | D:2      | Killed Natasha
  2628 | D:2      | Noticed Natasha
  2636 | D:2      | Killed Natasha
  2674 | D:2      | Reached XP level 5. HP: 30/46 MP: 5/5
  2853 | D:2      | Reached skill level 5 in Bows
  3434 | D:3      | Found Udaikaip's Magic Scroll Emporium.
  3439 | D:3      | Bought a scroll of blinking for 75 gold pieces
  3696 | D:3      | Found Canunuw's General Store.
  3709 | D:3      | Bought a scroll of teleportation for 30 gold pieces
  4190 | D:4      | Found a sand-covered staircase.
  4196 | Ossuary  | Entered an ossuary
  4234 | Ossuary  | Reached XP level 6. HP: 11/56 MP: 6/6
  4276 | Ossuary  | Mangled by a mummy

Illustrated notes

Levels and vault maps discovered:
D:1:      grunt_arrival_crossed_arrows, layout_loops_corners
D:2:      layout_basic, uniq_natasha
D:3:      layout_loops_cross, serial_shops, nicolae_shop_hallway_plus, shop
D:4:      layout_basic, nicolae_ossuary_entry_monument, serial_corexii_hall,
          chequers_hall_statues_corner_a, corexii_hall_statues_x,
          lexackson_kobold_supper, uniq_robin, uniq_blork_the_orc, uniq_edmund
Ossuary:  ossuary_zaba_flooded

Skill      XL: |  1  2  3  4  5 |
---------------+----------------+-----
Bows           | 4 5 |  5.8
Armour         | 1 |  1.1
Fighting       | 3 |  3.5
Short Blades   | |  0.4
Maces & Flails | |  0.2
Dodging        | |  1.5
Stealth        | |  1.5

Action                   |  1- 3 |  4- 6 || total
-------------------------+-------+-------++-------
Melee: Short sword       |    22 |       ||    22
       Whip              |    42 |   104 ||   146
       Punch             |     1 |     1 ||     2
 Fire: Shortbow          |     3 |       ||     3
 Abil: Spit Poison       |    17 |    15 ||    32
  Use: Potion            |       |     2 ||     2
 Stab: Sleeping          |     1 |     1 ||     2
Armor: Leather armour    |    13 |    25 ||    38
Dodge: Dodged            |    28 |    55 ||    83
